 Dungeon Crawl Stone Soup version 0.31-a0-854-g362426d53f (webtiles) character file.

Game seed: 6008653025139566208

123 Azuregosa the Digger (level 4, -6/33 HPs)
             Began as a Demigod Earth Elementalist on Oct 8, 2023.
             Blown up by Ijyb (20 damage)
             ... with a mindburst bolt
             ... on level 2 of the Dungeon.
             The game lasted 00:16:11 (3091 turns).

Azuregosa the Digger (Demigod Earth Elementalist)   Turns: 3091, Time: 00:16:11

Health: -6/33      AC:  4    Str:  9    XL:     4   Next: 52%
Magic:  5/12       EV: 12    Int: 21    God:
Gold:   126        SH:  0    Dex: 14    Spells: 3/9 levels left

rFire   . . .        i - +0 dagger
rCold   . . .        (no shield)
rNeg    . . .        a - +0 robe
rPois   .            (no helmet)
rElec   .            (no cloak)
rCorr   .            h - +0 pair of gloves
SInv    .            g - +0 pair of boots
Will    .....        (no amulet)
Stlth   ++           (no ring)
HPRegen 0.25/turn    (no ring)
MPRegen 0.13/turn

%: no passive effects
@: no status effects
A: high MP 1, forlorn, divine attributes
a: no special abilities


You were on level 2 of the Dungeon.
You visited 1 branch of the dungeon, and saw 4 of its levels.

You collected 126 gold pieces.

Inventory:

Hand Weapons
 e - a +0 flail
 i - a +0 dagger (weapon)
 r - a +0 rapier
Missiles
 d - 24 stones
 k - 2 poisoned darts
Armour
 a - a +0 robe (worn)
 g - a +0 pair of boots (worn)
 h - a +0 pair of gloves (worn)
Scrolls
 b - 4 scrolls of identify {unknown}
 f - a scroll of enchant weapon {unknown}
 j - 3 scrolls of noise {unknown}
 l - 2 scrolls of immolation {unknown}
 m - 3 scrolls of vulnerability {unknown}
 p - a scroll of teleportation {unknown}
 q - a scroll of fog {unknown}
 s - a scroll of silence {unknown}
 u - a scroll of poison {unknown}
 v - a scroll of torment {unknown}
Potions
 c - a potion of brilliance {unknown}
 n - a potion of curing {unknown}
 o - 2 potions of attraction {unknown}
 t - a potion of might {unknown}


   Skills:
 + Level 1.9 Dodging
 + Level 2.1 Stealth
 * Level 3.4 Spellcasting
 + Level 0.8 Transmutations
 + Level 3.5 Earth Magic


You had 3 spell levels left.
You knew the following spells:

 Your Spells              Type           Power      Damage    Failure   Level
a - Sandblast             Erth           36%        2d10      3%          1
b - Passwall              Tmut/Erth      10%        N/A       8%          2
c - Stone Arrow           Conj/Erth      22%        3d8       19%         3

Your spell library contained the following spells:

 Spells                   Type           Power      Damage    Failure   Level
 Scorch                   Fire           6%         2d5       19%         2
 Petrify                  Tmut/Erth      12%        N/A       45%         4
 Brom's Barrelling Bould  Conj/Erth      11%        2d3       52%         4
 Olgreb's Toxic Radiance  Pois           3%         N/A       77%         4
 Spellforged Servitor     Conj/Summ      1%         N/A       100%        7
 Discord                  Hex            1%         N/A       100%        8
 Ignition                 Fire           1%         3d3       100%        8
 Fire Storm               Conj/Fire      1%         8d1       100%        9


Dungeon Overview and Level Annotations

Branches:
Dungeon (4/15)
 Temple: D:4-7

Annotations:
D:2 Ijyb


Innate Abilities, Weirdness & Mutations

You have an increased reservoir of magic. (+10% MP)
You shall have no god before yourself.
Your divine heritage dramatically boosts your attributes as you level up.


Message History

Unknown command.
Unknown command.
Casting: Sandblast (safe; 3% risk of failure)
Confirm with . or Enter, or press ? or * to list all spells.
Aiming: Stone Arrow (quite dangerous; 19% risk of failure)
Press: ? - help, Shift-Dir - straight line, f - Ijyb
Aim: Ijyb, wielding a +0 dagger, wearing a +0 chain mail and carrying a wand of mindburst (68% to hit)
The stone arrow hits Ijyb!
Ijyb is moderately wounded.
Casting: Stone Arrow (quite dangerous; 19% risk of failure)
Confirm with . or Enter, or press ? or * to list all spells.
You don't know that spell.
Casting: Stone Arrow (quite dangerous; 19% risk of failure)
Confirm with . or Enter, or press ? or * to list all spells.
Aiming: Stone Arrow (quite dangerous; 19% risk of failure)
Press: ? - help, Shift-Dir - straight line, f/p - Ijyb
Aim: Ijyb, wielding a +0 dagger, wearing a +0 chain mail and carrying a wand of mindburst (moderately wounded, 68% to hit)
The stone arrow hits Ijyb but does no damage.
Ijyb is moderately wounded.
Ijyb zaps a wand.
Your mind is blasted!
Casting: Stone Arrow (quite dangerous; 19% risk of failure)
Confirm with . or Enter, or press ? or * to list all spells.
Aiming: Stone Arrow (quite dangerous; 19% risk of failure)
Press: ? - help, Shift-Dir - straight line, f/p - Ijyb
Aim: Ijyb, wielding a +0 dagger, wearing a +0 chain mail and carrying a wand of mindburst (moderately wounded, 68% to hit)
The stone arrow hits Ijyb.
Ijyb is heavily wounded.
Casting: Stone Arrow (quite dangerous; 19% risk of failure)
Confirm with . or Enter, or press ? or * to list all spells.
Aiming: Stone Arrow (quite dangerous; 19% risk of failure)
Press: ? - help, Shift-Dir - straight line, f/p - Ijyb
Aim: Ijyb, wielding a +0 dagger, wearing a +0 chain mail and carrying a wand of mindburst (heavily wounded, 68% to hit)
The stone arrow misses Ijyb.
Ijyb zaps a wand.
Your mind is blasted!
Ijyb zaps a wand.
Your mind is blasted!
* * * LOW HITPOINT WARNING * * *
There is an open door here.
Ijyb zaps a wand.
You barely resist.
Ijyb zaps a wand.
Your mind is blasted!
Ouch! That really hurt!
You die...

#................#.
##########.#.#####.
#.#.#####. ##########
#g#....... #....>...#
#.######## #.######.# #.#
#.# #.# #.#
#.######.########.#####
#.##.....@......g.....#
#........#######...##.####
####.##### #.....#.....
#.# ##...####### #.# ##.##
#.# #.# #.# #.# #.# ##+##
#.#### ##...##


You could see Ijyb.

Vanquished Creatures
  6 adders
  2 worms
  2 dart slugs
  6 orcs (D:3)
  6 endoplasms
  5 goblins
  6 hobgoblins
  4 jackals (D:1)
  3 quokkas
  7 ball pythons
  2 frilled lizards (D:2)
  A kobold (D:1)
  4 rats
54 creatures vanquished.

Notes
Turn   | Place    | Note
-------+----------+-------------------------------------------
     0 | D:1      | Azuregosa the Demigod Earth Elementalist began the quest
                  | for the Orb.
     0 | D:1      | Reached XP level 1. HP: 14/14 MP: 5/5
   144 | D:1      | Reached XP level 2. HP: 20/20 MP: 3/7
   147 | D:1      | Learned a level 2 spell: Passwall
  1319 | D:2      | Reached XP level 3. HP: 26/26 MP: 3/9
  1611 | D:2      | Learned a level 3 spell: Stone Arrow
  1980 | D:3      | Got a curious book
  2095 | D:2      | Reached XP level 4. HP: 31/33 MP: 6/11
  2514 | D:3      | Noticed Ijyb
  3091 | D:2      | Blown up by Ijyb

Illustrated notes

Levels and vault maps discovered:
D:1:      sevenhm_arrival_forest_fort_small_6, layout_basic,
          corexii_hall_statues_s
D:2:      minmay_recursive_quarters, layout_loops_corners
D:3:      layout_basic, kennysheep_okawaru_gauntlet, minmay_shallow_snake_nest,
          uniq_ijyb
D:4:      cheibrodos_old_hovel, layout_basic

Skill      XL: |  1  2  3  4 |
---------------+-------------+-----
Spellcasting   | 2 3 |  3.4
Earth Magic    | 3 |  3.5
Stealth        | 2 |  2.1
Dodging        | |  1.9
Transmutations | |  0.8

Action                     |  1- 3 |  4- 6 || total
---------------------------+-------+-------++-------
  Melee: Unarmed           |     1 |       ||     1
         Dagger            |       |     1 ||     1
   Cast: Sandblast         |    62 |    21 ||    83
         Passwall          |     1 |       ||     1
         Stone Arrow       |     1 |     6 ||     7
    Use: Potion            |     1 |       ||     1
 Armour: Robe              |    27 |    11 ||    38
  Dodge: Dodged            |    32 |     5 ||    37

Table legend: (Time is in decaauts)
 A = Elapsed time spent in this place.
 B = Non-inter-level travel time spent in this place.
 C = Inter-level travel time spent in this place.
 D = Time resting spent in this place.
 E = Time spent auto-exploring this place.
 F = Levels seen in this place.
 G = Mean time per level.
                   A        B        C        D        E       F      G
               +--------+--------+--------+--------+--------+-----+--------+
         Total |   3135 |   3026 |    109 |    144 |   2015 |   4 |  783.8 |
       Dungeon |   3135 |   3026 |    109 |    144 |   2015 |   4 |  783.8 |
               +--------+--------+--------+--------+--------+-----+--------+

Top non-repeatable levels by time:
     D:1: 1427 daAuts
     D:2: 1336 daAuts
     D:3: 367 daAuts
     D:4: 4 daAuts
